 Dungeon Crawl Stone Soup version 0.23-a0-269-g65e0026 (webtiles) character file.

63786 Megalobster the Fighter (level 15, -4/163 HPs)
             Began as a Gnoll Wanderer on Sept 30, 2018.
             Was an Initiate of Gozag.
             Slain by an ettin
             ... wielding a +0 dire flail
              (29 damage)
             ... on level 2 of the Orcish Mines on Oct 1, 2018.
             The game lasted 01:42:10 (21896 turns).

Megalobster the Fighter (Gnoll Wanderer)           Turns: 21896, Time: 01:42:11

Health: -4/163     AC: 27    Str: 15    XL:     15   Next: 10%
Magic:  26/28      EV:  2    Int: 20    God:    Gozag
Gold:   4293       SH:  9    Dex: 15    Spells: 25/33 levels left

rFire    . . .     SeeInvis .   b - +8 mithril axe "Arga" {speed, MR+}
rCold    + . .     Gourm    .   r - +3 buckler {rC+}
rNeg     + + +     Faith    .   (armour currently unavailable)
rPois    +         Spirit   .   (helmet currently unavailable)
rElec    .         Reflect  .   (cloak currently unavailable)
rCorr    .         Harm     .   (gloves currently unavailable)
MR       ++...     NoTele   +   (boots currently unavailable)
Stlth    ++++......             s - amulet of regeneration
HPRegen  0.77/turn              X - ring of poison resistance
MPRegen  0.21/turn              t - ring of flight

@: tree-form, gold aura, drained
A: distributed training, frail 1, sense surroundings 1, wild magic 1, strong
nose
a: Potion Petition, Call Merchant, Bribe Branch, Renounce Religion


You were on level 2 of the Orcish Mines.
You worshipped Gozag.
Gozag was most pleased with you.
You were very full.
You were a tree.
You visited 4 branches of the dungeon, and saw 20 of its levels.
You also visited: Sewer and Bailey.

You collected 5412 gold pieces.
You spent 494 gold pieces at shops.
You paid 625 gold pieces to Gozag.

Inventory:

Hand Weapons
 a - the +10 trident of Coghid {pierce, +Rage}
   (You found it on level 10 of the Dungeon)

   It inflicts extra damage upon your enemies.
   It lets you go berserk.
 b - the +8 mithril axe "Arga" (weapon) {speed, MR+}
   (You acquired it on level 1 of the Lair of Beasts)

   Attacks with this weapon are significantly faster.
   It affects your resistance to hostile enchantments.
 U - a +2 hunting sling of freezing
Missiles
 c - a throwing net {!f}
 i - 714 stones (quivered)
 o - 155 sling bullets
 B - 13 tomahawks
 V - 5 javelins of returning
 Z - 4 javelins
Armour
 g - a +4 ring mail (melded)
 j - the +0 pair of boots of Bedevilment (melded) {Int+3 Slay+2}
   (You bought it in a shop on level 10 of the Dungeon)

   It affects your intelligence (+3).
   It affects your accuracy and damage with ranged weapons and melee attacks
   (+2).
 r - a +3 buckler of cold resistance (worn)
 u - a +2 cloak (melded)
 w - a +2 pair of gloves of archery (melded)
 x - a +2 helmet of see invisible (melded)
Magical Staves
 S - an uncursed staff of wizardry
Jewellery
 s - an amulet of regeneration (around neck)
 t - a ring of flight (right branch)
 X - a ring of poison resistance (left branch)
Wands
 e - a wand of scattershot (3)
 f - a wand of clouds (10)
 L - a wand of flame (24)
 R - a wand of iceblast (13)
 T - a wand of digging (14)
Scrolls
 h - 3 scrolls of fear {unknown}
 l - 4 scrolls of blinking
 m - 2 scrolls of noise {unknown}
 n - 7 scrolls of teleportation
 p - 9 scrolls of remove curse {@r2}
 v - 2 scrolls of amnesia {unknown}
 E - 6 scrolls of fog
 F - 3 scrolls of magic mapping
Potions
 q - 2 potions of cancellation {unknown}
 y - 10 potions of curing {@q1}
 z - 4 potions of agility
 A - a potion of haste {unknown}
 D - 3 potions of lignification
 I - 5 potions of flight
 K - 4 potions of heal wounds
 M - 4 potions of brilliance {unknown}
 N - a potion of ambrosia
 O - 7 potions of magic
 P - 2 potions of might
 Q - 2 potions of degeneration {unknown}
Miscellaneous
 k - a lamp of fire
 G - a phantom mirror
 J - a sack of spiders
Comestibles
 d - 38 rations


   Skills:
 + Level 12.4(12.0) Fighting
 + Level 9.6(9.2) Short Blades
 + Level 9.6(9.2) Long Blades
 + Level 10.6(10.2) Axes
 + Level 9.6(9.2) Maces & Flails
 + Level 9.6(9.2) Polearms
 + Level 9.6(9.2) Staves
 + Level 9.6(9.2) Slings
 + Level 9.6(9.2) Bows
 + Level 9.6(9.2) Crossbows
 + Level 9.6(9.2) Throwing
 + Level 10.6(10.2) Armour
 + Level 9.6(9.2) Dodging
 + Level 9.9(9.5) Stealth
 + Level 10.0(9.6) Shields
 + Level 9.6(9.2) Unarmed Combat
 + Level 9.6(9.2) Spellcasting
 + Level 8.1(7.7) Conjurations
 + Level 8.1(7.7) Hexes
 + Level 8.1(7.7) Charms
 + Level 8.1(7.7) Summonings
 + Level 8.1(7.7) Necromancy
 + Level 8.1(7.7) Translocations
 + Level 8.1(7.7) Transmutations
 + Level 8.1(7.7) Fire Magic
 + Level 8.1(7.7) Ice Magic
 + Level 8.1(7.7) Air Magic
 + Level 8.1(7.7) Earth Magic
 + Level 8.1(7.7) Poison Magic
 + Level 10.4(10.0) Invocations
 + Level 9.6(9.2) Evocations


You had 25 spell levels left.
You knew the following spells:

 Your Spells              Type           Power        Failure   Level  Hunger
a - Magic Dart            Conj           ####         1%          1    None
b - Blink                 Tloc           N/A          1%          2    None
c - Call Imp              Summ           ######..     1%          2    None
d - Stone Arrow           Conj/Erth      ######       1%          3    None

Your spell library contained the following spells:

 Spells                   Type           Power        Failure   Level  Hunger
 Animate Skeleton         Necr           N/A          1%          1    None
 Apportation              Tloc           ######       1%          1    None
 Confusing Touch          Hex            ######       1%          1    None
 Summon Small Mammal      Summ           ####         1%          1    None
 Corpse Rot               Necr           N/A          1%          2    None
 Slow                     Hex            ######..     1%          2    None
 Conjure Flame            Conj/Fire      ######..     1%          3    None
 Mephitic Cloud           Conj/Pois/Air  ######..     1%          3    None
 Ice Form                 Ice/Tmut       ######..     5%          4    ###....
 Leda's Liquefaction      Hex/Erth       ######....   5%          4    ###....
 Metabolic Englaciation   Hex/Ice        ######....   13%         5    #####..
 Summon Forest            Summ/Tloc      ######....   13%         5    #####..
 Bolt of Cold             Conj/Ice       ######....   52%         6    ######.
 Freezing Cloud           Conj/Ice/Air   ######....   52%         6    ######.
 Hydra Form               Tmut           ######....   52%         6    ######.
 Ozocubu's Refrigeration  Ice            ######....   52%         6    ######.
 Simulacrum               Ice/Necr       ######....   52%         6    ######.
 Summon Hydra             Summ           ######....   97%         7    #######


Dungeon Overview and Level Annotations

Branches:
Dungeon (11/15)            Temple (1/1) D:7            Lair (6/6) D:10
 Shoals (0/4) Lair:2        Snake (0/4) Lair:2        Slime (0/5) Lair:5
    Orc (2/2) D:11
    Elf: Orc:2

Altars:
Ashenzari
Cheibriados
Dithmenos
Elyvilon
Gozag
Hepliaklqana
Kikubaaqudgha
Makhleb
Nemelex Xobeh
Qazlal
Ru
Sif Muna
Trog
Vehumet
Wu Jian
Xom
Yredelemnul
Zin
The Shining One
Beogh
Jiyva

Shops:
D:4 [   D:5 }   D:6 =   D:9 *(%!   D:10 [   Orc:1 !   Orc:2 [

Portals:
Hell: Lair:6
Trove: D:10 (give +4 fire dragon scales)

Annotations:
Lair:3 3 runed doors, Ygeygat's ghost, journeyman GrFi


Innate Abilities, Weirdness & Mutations

Your experience applies equally to all skills.
((You have very sharp teeth.))
Your uncanny sense of smell can sniff out nearby items.
You are frail. (-10% HP)
You passively map a small area around you.
Your spells are a little harder to cast, but a little more powerful.


Message History

The orc is distracted by the nearby gold.
The orc shouts!
You take 21 damage, and have 24/163 hp.
You hit the ettin.
The ettin is moderately wounded.
You barely miss the orc warrior. You barely miss the orc knight.
You slash the orc warrior!
You kill the orc warrior!
You slash the orc warrior!
The orc knight hits you but does no damage.
The orc warrior curses loudly, as Orcs often do.
The orc warrior is distracted by the nearby gold. x2
You block the orc warrior's attack.
As you read the scroll of fog, it crumbles to dust.
The scroll dissolves into smoke.
The ogre is no longer distracted by gold.
The orc warrior no longer looks unusually strong.
The ettin hits you with a dire flail!!
You die...
Your body crumbles into a pile of gold.

,...# , ###...#
, #...$.## #
###......# ,,
..###.#......##
,
.O............##
.o......§.......
.##.$o§o§.5.....
.$.o..§♣Co......
, * , ,
....o.ooo§.##...
........O§P.# .
*
...P...........
#..P..P..P......
........8.......
.......∩....P..#
.#.........P....
** * , ,,


You could see an orc knight, an ettin, 5 orc warriors, 2 ogres, an orc wizard, 2
orcs and a friendly crimson imp.

Vanquished Creatures
  Gastronok (Lair:1)
  Kirke (Lair:4)
  Fannar (Lair:3)
  A hell beast (Lair:6)
  7 hydras
  Erica (Lair:1)
  6 death yaks
  Urug (Lair:3)
  2 orc high priests (Orc:1)
  Nergalle (Lair:1)
  A wizard (Lair:6)
  Pikel (D:8)
  An orc knight (Orc:1)
  A manticore (D:9)
  A cyclops (D:11)
  11 elephants
  8 black mambas
  A gargoyle (D:10)
  11 spiny frogs
  2 orange demons (Lair:6)
  6 komodo dragons
  An ice devil (Lair:6)
  4 rime drakes
  A hellwing (Lair:6)
  A queen bee (D:10)
  3 red devils (Lair:6)
  4 merfolk (Lair:2)
  A hornet (D:11)
  A troll (D:9)
  A polar bear (Lair:4)
  Grinder (D:4)
  5 hippogriffs
  26 blink frogs
  7 dream sheep (Lair:6)
  A vampire (D:10)
  A spriggan (D:7)
  5 wyverns
  2 basilisks
  44 yaks
  3 hogs (Lair:4)
  Grum (D:11)
  A hungry ghost (D:11)
  2 nagas (Lair:2)
  Menkaure (D:7)
  2 wargs (Orc:1)
  4 hell hounds (Lair:6)
  14 water moccasins
  9 porcupines
  3 black bears
  3 sky beasts
  An ice beast (D:8)
  5 phantoms
  17 orc warriors
  4 slaves (D:8)
  18 wolves
  2 necrophages
  14 centaurs
  12 ogres
  12 crocodiles
  9 bullfrogs
  24 killer bees (D:10)
  3 wights (D:9)
  3 electric eels
  6 howler monkeys
  4 crimson imps
  2 centaur zombies
  6 hounds
  2 jellies
  2 bullfrog skeletons
  6 orc priests
  11 orc wizards
  Crazy Yiuf (D:2)
  Ijyb (D:4)
  2 centaur skeletons (D:7)
  4 iguanas
  4 hell rats (Lair:5)
  4 worker ants
  8 ogre zombies (D:11)
  A hound zombie (D:8)
  2 hound skeletons
  2 gnolls (Orc:1)
  20 adders
  A howler monkey skeleton (D:7)
  9 river rats
  An ooze (D:4)
  3 adder skeletons
  A worm (D:2)
  A dart slug (D:4)
  8 leopard geckos
  61 orcs
  5 giant cockroaches
  9 goblins
  12 hobgoblins
  15 jackals
  2 quokkas
  16 ball pythons
  7 bats
  9 frilled lizards
  A goblin skeleton (D:11)
  2 hobgoblin skeletons (D:11)
  4 hobgoblin zombies (D:11)
  A jackal skeleton (D:9)
  5 kobolds
  2 orc skeletons (D:11)
  16 orc zombies (D:11)
  A quokka skeleton (D:6)
  22 rats
  3 fungi
  4 plants
651 creatures vanquished.

Vanquished Creatures (collateral kills)
  A blink frog (Lair:2)
  A hog (Lair:4)
  A gnoll (Orc:1)
3 creatures vanquished.

Vanquished Creatures (others)
  7 fungi
  9 plants
16 creatures vanquished.

Grand Total: 670 creatures vanquished

Notes
Turn   | Place    | Note
-------+----------+-------------------------------------------
     0 | D:1      | Megalobster the Gnoll Wanderer began the quest for the Orb.
     0 | D:1      | Megalobster set off with: a +2 scale mail, 2 potions of
                  | curing {@q1}, a +0 dagger, a ration
     0 | D:1      | Reached XP level 1. HP: 26/26 MP: 1/1
   229 | D:1      | Reached XP level 2. HP: 29/33 MP: 2/2
   785 | D:2      | Reached XP level 3. HP: 37/38 MP: 3/3
   874 | D:2      | Reached skill level 1 in Invocations
  1045 | D:2      | Reached skill level 1 in Short Blades
  1045 | D:2      | Reached skill level 1 in Long Blades
  1045 | D:2      | Reached skill level 1 in Maces & Flails
  1045 | D:2      | Reached skill level 1 in Polearms
  1045 | D:2      | Reached skill level 1 in Staves
  1045 | D:2      | Reached skill level 1 in Slings
  1045 | D:2      | Reached skill level 1 in Bows
  1045 | D:2      | Reached skill level 1 in Crossbows
  1045 | D:2      | Reached skill level 1 in Throwing
  1045 | D:2      | Reached skill level 1 in Dodging
  1045 | D:2      | Reached skill level 1 in Unarmed Combat
  1045 | D:2      | Reached skill level 1 in Spellcasting
  1045 | D:2      | Reached skill level 1 in Evocations
  1045 | D:2      | Reached XP level 4. HP: 37/45 MP: 5/5
  1204 | D:2      | Found a runed door.
  1366 | D:2      | Found a faded altar of an unknown god.
  1553 | D:2      | Noticed Crazy Yiuf
  1563 | D:2      | Killed Crazy Yiuf
  1563 | D:2      | Reached skill level 1 in Conjurations
  1563 | D:2      | Reached skill level 1 in Hexes
  1563 | D:2      | Reached skill level 1 in Charms
  1563 | D:2      | Reached skill level 1 in Summonings
  1563 | D:2      | Reached skill level 1 in Necromancy
  1563 | D:2      | Reached skill level 1 in Translocations
  1563 | D:2      | Reached skill level 1 in Transmutations
  1563 | D:2      | Reached skill level 1 in Fire Magic
  1563 | D:2      | Reached skill level 1 in Ice Magic
  1563 | D:2      | Reached skill level 1 in Air Magic
  1563 | D:2      | Reached skill level 1 in Earth Magic
  1563 | D:2      | Reached skill level 1 in Poison Magic
  1702 | D:3      | Noticed an ogre
  1811 | D:2      | Killed an ogre
  1811 | D:2      | Reached XP level 5. HP: 30/51 MP: 5/7
  2247 | D:3      | Reached XP level 6. HP: 57/57 MP: 8/8
  2422 | D:3      | Found a glowing golden altar of the Shining One.
  2693 | D:4      | Noticed Ijyb
  2702 | D:4      | Reached skill level 5 in Axes
  2702 | D:4      | Reached skill level 5 in Armour
  2707 | D:4      | Noticed Grinder
  2872 | D:4      | Killed Ijyb
  2922 | D:4      | HP: 2/57 [ogre/giant spiked club (12)]
  2924 | D:4      | Reached XP level 7. HP: 26/63 MP: 10/10
  3203 | D:4      | Found a shattered altar of Ashenzari.
  3225 | D:4      | Killed Grinder
  3225 | D:4      | Reached skill level 9 in Fighting
  3273 | D:4      | Found a sparkling altar of Nemelex Xobeh.
  3341 | D:4      | Found Tatetos's Armour Shoppe.
  3349 | D:4      | Bought a +0 buckler for 49 gold pieces
  3349 | D:4      | Bought a +0 pair of boots for 49 gold pieces
  3400 | D:4      | Learned a level 1 spell: Magic Dart
  3403 | D:4      | Learned a level 2 spell: Blink
  3431 | D:4      | Found an ornate altar of the Wu Jian Council.
  3440 | D:4      | Reached XP level 8. HP: 71/71 MP: 7/12
  3604 | D:5      | Entered Level 5 of the Dungeon
  4366 | D:5      | Found Womie's Gadget Shoppe.
  4662 | D:6      | Found a radiant altar of Vehumet.
  4846 | D:6      | Reached XP level 9. HP: 66/76 MP: 14/14
  5146 | D:6      | Found a glowing drain.
  5155 | Sewer    | Entered a sewer
  5996 | D:6      | Found Lumisouf's Jewellery Shop.
  6174 | D:7      | Noticed Menkaure
  6180 | D:7      | Killed Menkaure
  6183 | D:7      | Reached skill level 5 in Shields
  6412 | D:7      | Found a sacrificial altar of Ru.
  6459 | D:7      | Reached skill level 5 in Stealth
  6603 | D:7      | Found a flagged portal.
  6614 | Bailey   | Entered a bailey
  6824 | Bailey   | Reached skill level 5 in Invocations
  7067 | Bailey   | Reached XP level 10. HP: 46/84 MP: 15/17
  7456 | Bailey   | Reached skill level 5 in Short Blades
  7456 | Bailey   | Reached skill level 5 in Long Blades
  7456 | Bailey   | Reached skill level 5 in Maces & Flails
  7456 | Bailey   | Reached skill level 5 in Polearms
  7456 | Bailey   | Reached skill level 5 in Staves
  7456 | Bailey   | Reached skill level 5 in Slings
  7456 | Bailey   | Reached skill level 5 in Bows
  7456 | Bailey   | Reached skill level 5 in Crossbows
  7456 | Bailey   | Reached skill level 5 in Throwing
  7456 | Bailey   | Reached skill level 5 in Dodging
  7456 | Bailey   | Reached skill level 5 in Unarmed Combat
  7456 | Bailey   | Reached skill level 5 in Spellcasting
  7456 | Bailey   | Reached skill level 5 in Evocations
  7508 | Bailey   | Got an encrusted hand axe
  7785 | Bailey   | Identified the +8 hand axe of Wrath {drain, +Blink rElec
                  | MR- Stlth+} (You found it in a bailey)
  7970 | D:7      | Reached skill level 10 in Fighting
  8032 | D:7      | Found a staircase to the Ecumenical Temple.
  8126 | Temple   | Entered the Ecumenical Temple
  8131 | Temple   | Became a worshipper of Gozag Ym Sagoz the Greedy
  8141 | D:7      | Learned a level 2 spell: Call Imp
  8664 | D:8      | Found a snail-covered altar of Cheibriados.
  8782 | D:8      | Noticed Pikel
  8800 | D:8      | Killed Pikel
  9384 | D:9      | Found Guceusch's Antique Weapon Shoppe.
  9449 | D:9      | Found Tuevufu's General Store.
  9588 | D:9      | Reached XP level 11. HP: 76/91 MP: 19/19
  9768 | D:9      | Found Xuugg's Food Boutique.
  9810 | D:9      | Found Utanejuo's Distillery.
  9816 | D:9      | Noticed a manticore
  9828 | D:9      | Killed a manticore
 10181 | D:10     | Entered Level 10 of the Dungeon
 10271 | D:10     | Found a bloodstained altar of Trog.
 10698 | D:10     | Reached skill level 5 in Conjurations
 10698 | D:10     | Reached skill level 5 in Hexes
 10698 | D:10     | Reached skill level 5 in Charms
 10698 | D:10     | Reached skill level 5 in Summonings
 10698 | D:10     | Reached skill level 5 in Necromancy
 10698 | D:10     | Reached skill level 5 in Translocations
 10698 | D:10     | Reached skill level 5 in Transmutations
 10698 | D:10     | Reached skill level 5 in Fire Magic
 10698 | D:10     | Reached skill level 5 in Ice Magic
 10698 | D:10     | Reached skill level 5 in Air Magic
 10698 | D:10     | Reached skill level 5 in Earth Magic
 10698 | D:10     | Reached skill level 5 in Poison Magic
 10819 | D:10     | Found a portal to a secret trove of treasure.
 10835 | D:10     | Got a translucent trident
 10838 | D:10     | Identified the +10 trident of Coghid {pierce, +Rage} (You
                  | found it on level 10 of the Dungeon)
 12145 | D:10     | Found a staircase to the Lair.
 12149 | Lair:1   | Entered Level 1 of the Lair of Beasts
 12304 | Lair:1   | Noticed Erica
 12316 | Lair:1   | Killed Erica
 12421 | Lair:1   | Noticed Nergalle
 12434 | Lair:1   | Killed Nergalle
 12503 | Lair:1   | Reached XP level 12. HP: 72/99 MP: 22/22
 12621 | Lair:1   | Noticed Gastronok
 12641 | Lair:1   | Killed Gastronok
 12725 | Lair:1   | Identified a scroll of acquirement
 12726 | Lair:1   | Found the +8 mithril axe "Arga" {speed, MR+}
 13208 | Lair:1   | Reached skill level 11 in Fighting
 13634 | Lair:2   | Found a staircase to the Snake Pit.
 13758 | Lair:2   | Found a staircase to the Shoals.
 15042 | Lair:2   | Learned a level 3 spell: Stone Arrow
 15393 | Lair:3   | Found a runed gate.
 15394 | Lair:3   | Found a runed gate.
 15394 | Lair:3   | Found a runed gate.
 15395 | Lair:3   | Noticed Fannar
 15483 | Lair:3   | Noticed Urug
 15492 | Lair:3   | Killed Urug
 15717 | Lair:3   | Reached XP level 13. HP: 86/106 MP: 24/24
 15998 | Lair:3   | Noticed Ygeygat's ghost (journeyman GrFi)
 16012 | Lair:3   | Killed Fannar
 16392 | Lair:4   | Noticed Kirke
 16889 | Lair:4   | Got a flickering zirconium amulet
 16902 | Lair:4   | Identified the amulet of Sick {Spirit rPois rF+ Dex+8
                  | Slay-3} (You acquired it on level 4 of the Lair of Beasts)
 16934 | Lair:4   | Killed Kirke
 17866 | Lair:5   | Found a staircase to the Slime Pits.
 17866 | Lair:5   | Found a viscous altar of Jiyva.
 18758 | Lair:5   | Gained mutation: Your spells are a little harder to cast,
                  | but a little more powerful. [potion of mutation]
 18758 | Lair:5   | Gained mutation: You are frail. (-10% HP) [potion of
                  | mutation]
 18758 | Lair:5   | Gained mutation: You passively map a small area around you.
                  | [potion of mutation]
 18805 | Lair:6   | Entered Level 6 of the Lair of Beasts
 18921 | Lair:6   | Reached XP level 14. HP: 98/102 MP: 26/26
 19120 | Lair:6   | Reached skill level 12 in Fighting
 19120 | Lair:6   | Reached skill level 10 in Axes
 19120 | Lair:6   | Reached skill level 10 in Armour
 19508 | Lair:5   | HP: 5/103 [death yak (13)]
 19940 | Lair:6   | Reached skill level 10 in Invocations
 20071 | Lair:6   | Found a burning altar of Makhleb.
 20733 | Lair:6   | Found a gateway to Hell.
 20886 | D:10     | Bought a pair of polished boots for 228 gold pieces
 20896 | D:10     | Identified the +0 pair of boots of Bedevilment {Int+3
                  | Slay+2} (You bought it in a shop on level 10 of the
                  | Dungeon)
 20897 | D:10     | Bought a glowing scale mail for 168 gold pieces
 20980 | D:11     | Found a staircase to the Orcish Mines.
 21223 | D:11     | Noticed Grum
 21234 | D:11     | Killed Grum
 21311 | D:11     | Reached XP level 15. HP: 105/109 MP: 28/28
 21616 | Orc:1    | Entered Level 1 of the Orcish Mines
 21630 | Orc:1    | Found Begaq's Distillery.
 21716 | Orc:1    | Reached skill level 10 in Shields
 21727 | Orc:1    | Found a roughly hewn altar of Beogh.
 21874 | Orc:2    | Entered Level 2 of the Orcish Mines
 21874 | Orc:2    | Found Daddaru's Antique Armour Boutique.
 21896 | Orc:2    | Slain by an ettin

Vault maps used:
D:1:      lightli_arrival_isolated_outpost, minivault_23
D:2:      chequers_ecumenical_altar_grove, grunt_ministairs_13,
          uniq_crazy_yiuf_cottage
D:3:      nicolae_overflow_hidden_temple, grunt_ministairs_7
D:4:      old_standard_altar, ashenzari_altar_1, nemelex_altar_shiori,
          first_ration, serial_shops, nicolae_shop_stone, uniq_grinder,
          uniq_ijyb
D:5:      serial_shops, nicolae_shop_window_shopping
D:6:      cheibrodos_quashed, vehumet_altar_wand_db, portal_sewer_entry_d,
          serial_shops, nicolae_shop_behind_doors, kennysheep_generic_room_3
D:7:      nicolae_ru_great_annihilating_truth, minmay_temple_entry_poolview,
          enter_bailey_2, the_bakery, uniq_menkaure
D:8:      cheibriados_altar_1, uniq_pikel
D:9:      serial_shops, nicolae_shop_statue_plus, shop_statue, shop,
          nicolae_shop_statue_plus
D:10:     lair_entry_dummy, nicolae_trove_entry_free_sample, special_room,
          minmay_misc_feat_tower, bloody_trog
D:11:     zombieorc2_lemuel, uniq_grum
Temple:   minmay_freezing_vapour_temple
Lair:1:   serial_bayou, serial_bayou_lagoon_a, serial_bayou_lake_a,
          serial_bayou_shore_a, serial_bayou_pond_a, pond, uniq_erica,
          uniq_nergalle, uniq_gastronok
Lair:2:   elwin_shoals_entry_stream, minmay_snake_entry_guardpost_small,
          infiniplex_staircase_pool
Lair:3:   ebering_ghost_rock_garden, beast_lair_carwin_2, uniq_urug, uniq_fannar
Lair:4:   grunt_megastairs_3, uniq_kirke
Lair:5:   slime_altar_1, patterned_corridor
Lair:6:   evil_forest, small_statue_intersection
Orc:1:    basic_altar, serial_shops,
          nicolae_shop_temple_entry_statues_fountains, nicolae_orc_lost_temple
Orc:2:    grunt_orc_gardens, grunt_orc_garden, grunt_orc_garden,
          grunt_orc_garden, grunt_orc_garden
Sewer:    sewer_minmay_w
Bailey:   bailey_polearm_flooded_kennysheep, bailey

Skill      XL: |  1  2  3  4  5  6  7  8  9 10 11 12 13 14 15 |
---------------+----------------------------------------------+-----
Invocations    | 1 2 3 4 5 6 7 8 9 10 | 10.4
Short Blades   | 1 2 3 4 5 6 7 8 9 |  9.6
Long Blades    | 1 2 3 4 5 6 7 8 9 |  9.6
Maces & Flails | 1 2 3 4 5 6 7 8 9 |  9.6
Polearms       | 1 2 3 4 5 6 7 8 9 |  9.6
Staves         | 1 2 3 4 5 6 7 8 9 |  9.6
Slings         | 1 2 3 4 5 6 7 8 9 |  9.6
Bows           | 1 2 3 4 5 6 7 8 9 |  9.6
Crossbows      | 1 2 3 4 5 6 7 8 9 |  9.6
Throwing       | 1 2 3 4 5 6 7 8 9 |  9.6
Dodging        | 1 2 3 4 5 6 7 8 9 |  9.6
Unarmed Combat | 1 2 3 4 5 6 7 8 9 |  9.6
Spellcasting   | 1 2 3 4 5 6 7 8 9 |  9.6
Evocations     | 1 2 3 4 5 6 7 8 9 |  9.6
Conjurations   | 1 2 3 4 5 6 7 8 |  8.1
Hexes          | 1 2 3 4 5 6 7 8 |  8.1
Charms         | 1 2 3 4 5 6 7 8 |  8.1
Summonings     | 1 2 3 4 5 6 7 8 |  8.1
Necromancy     | 1 2 3 4 5 6 7 8 |  8.1
Translocations | 1 2 3 4 5 6 7 8 |  8.1
Transmutations | 1 2 3 4 5 6 7 8 |  8.1
Fire Magic     | 1 2 3 4 5 6 7 8 |  8.1
Ice Magic      | 1 2 3 4 5 6 7 8 |  8.1
Air Magic      | 1 2 3 4 5 6 7 8 |  8.1
Earth Magic    | 1 2 3 4 5 6 7 8 |  8.1
Poison Magic   | 1 2 3 4 5 6 7 8 |  8.1
Shields        | 3 4 5 6 7 8 9 10 | 10.0
Stealth        | 3 4 5 6 7 8 9 |  9.9
Axes           | 5 6 7 8 9 10 | 10.6
Armour         | 5 6 7 8 9 10 | 10.6
Fighting       | 9 10 11 12 | 12.4

Action                   |  1- 3 |  4- 6 |  7- 9 | 10-12 | 13-15 || total
-------------------------+-------+-------+-------+-------+-------++-------
Melee: Dagger            |   148 |   109 |       |       |       ||   257
       Bite              |    13 |    12 |    25 |    68 |    75 ||   193
       Hand axe          |       |    19 |   336 |   410 |       ||   765
       Unarmed           |       |    12 |       |       |       ||    12
       Trident           |       |       |       |    59 |    42 ||   101
       Broad axe         |       |       |       |   181 |   742 ||   923
Throw: Javelin           |       |       |       |    72 |       ||    72
       Stone             |       |       |       |    23 |       ||    23
       Tomahawk          |       |       |       |     7 |     1 ||     8
 Cast: Magic Dart        |       |       |   134 |    59 |    86 ||   279
       Call Imp          |       |       |       |    10 |    19 ||    29
       Stone Arrow       |       |       |       |       |    37 ||    37
Invok: Potion Petition   |       |       |       |       |     1 ||     1
       Call Merchant     |       |       |       |       |     1 ||     1
Evoke: Wand              |       |     8 |     9 |    12 |     4 ||    33
       Lamp of fire      |       |       |       |       |     2 ||     2
  Use: Potion            |       |     3 |     1 |     1 |     9 ||    14
       Scroll            |       |       |     8 |    10 |    15 ||    33
 Stab: Sleeping          |     1 |     5 |     1 |    19 |     5 ||    31
       Paralysed         |       |     2 |     1 |       |       ||     3
       Distracted        |       |       |       |     3 |    13 ||    16
  Eat: Chunk             |     1 |     6 |    13 |     1 |       ||    21
       Ration            |       |       |       |     8 |     8 ||    16
Armor: Ring mail         |    85 |    44 |   135 |   184 |   231 ||   679
       Scale mail        |     9 |       |       |       |       ||     9
       Skin              |       |     1 |       |       |    18 ||    19
Dodge: Dodged            |    65 |    59 |   174 |   355 |   410 ||  1063
Block: Buckler           |       |       |    88 |   230 |   288 ||   606

Table legend:
 A = Non-vault XP
 B = Vault XP
 C = Vault XP percentage of total XP
 D = Non-vault monster count
 E = Vault monster count
 F = Vault count percentage of total count
                 A         B        C        D         E       F
            +---------+---------+-------+---------+---------+-------
      Total |   61366 |   29758 |  32.7 |     417 |     226 |  35.1
            +---------+---------+-------+---------+---------+-------
        D:1 |      25 |       0 |   0.0 |      14 |       0 |   0.0
        D:2 |     194 |      47 |  19.5 |      29 |       5 |  14.7
        D:3 |      75 |       5 |   6.2 |      12 |       2 |  14.3
        D:4 |     566 |     300 |  34.6 |      18 |       2 |  10.0
        D:5 |     837 |       0 |   0.0 |      24 |       0 |   0.0
        D:6 |     630 |      15 |   2.3 |      17 |       2 |  10.5
        D:7 |     816 |     380 |  31.8 |      14 |       6 |  30.0
        D:8 |    1341 |     651 |  32.7 |      29 |       1 |   3.3
        D:9 |    1319 |       0 |   0.0 |      12 |       0 |   0.0
       D:10 |    3076 |    1839 |  37.4 |      26 |      25 |  49.0
       D:11 |    1341 |    1112 |  45.3 |      15 |      40 |  72.7
     Lair:1 |    3881 |    4345 |  52.8 |      16 |       9 |  36.0
     Lair:2 |    5075 |    1538 |  23.3 |      22 |       6 |  21.4
     Lair:3 |    4590 |    2481 |  35.1 |      12 |       6 |  33.3
     Lair:4 |   10303 |    3019 |  22.7 |      41 |       7 |  14.6
     Lair:5 |    3657 |       0 |   0.0 |      12 |       0 |   0.0
     Lair:6 |   20036 |   11100 |  35.7 |      71 |      26 |  26.8
      Orc:1 |    3511 |       0 |   0.0 |      27 |       0 |   0.0
      Orc:2 |      93 |     259 |  73.6 |       6 |       2 |  25.0
      Sewer |       0 |     374 | 100.0 |       0 |      48 | 100.0
     Bailey |       0 |    2293 | 100.0 |       0 |      39 | 100.0
            +---------+---------+-------+---------+---------+-------
